 Dungeon Crawl Stone Soup version 0.21-a0-404-g291f19a (webtiles) character file.

254 Madydog the Chopper (level 5, 0/42 HPs)
             Began as a Demonspawn Berserker on Oct 30, 2017.
             Was a Believer of Trog.
             Succumbed to an orc wizard's poison
             ... on level 4 of the Dungeon.
             The game lasted 00:13:30 (2636 turns).

Madydog the Chopper (Demonspawn Berserker)          Turns: 2636, Time: 00:13:30

Health: 0/42       AC: 13    Str: 18    XL:     5   Next: 90%
Magic:  9/14       EV:  4    Int:  8    God:    Trog [**....]
Gold:   273        SH:  8    Dex: 13    Spells: 4/4 levels left

rFire    . . .     SeeInvis .   a - +0 hand axe
rCold    . . .     Gourm    .   B - +0 shield
rNeg     . . .     Faith    .   z - +0 plate armour
rPois    .         Spirit   +   g - +0 helmet
rElec    .         Reflect  .   (no cloak)
rCorr    .         Harm     .   d - +0 pair of gloves
MR       .....                  (no boots)
Stlth    ..........             (no amulet)
HPRegen  0.14/turn              h - ring of magical power
MPRegen  0.28/turn              A - ring of stealth

@: lethally poisoned (0 -> -22), berserk cooldown, slowed, very slow
A: magic shield, magic regeneration, sturdy frame 1
a: Berserk, Trog's Hand, Burn Spellbooks, Renounce Religion


You were on level 4 of the Dungeon.
You worshipped Trog.
Trog was pleased with you.
You were near starving.

You visited 1 branch of the dungeon, and saw 4 of its levels.

You collected 273 gold pieces.

Inventory:

Hand Weapons
 a - a +0 hand axe (weapon)
Armour
 b - a +0 animal skin
 d - a +0 pair of gloves (worn)
 g - a +0 helmet (worn)
 j - a +0 scale mail
 z - a +0 plate armour (worn)
 B - a +0 shield (worn)
Jewellery
 h - a ring of magical power (left hand)
 A - a ring of stealth (right hand)
Scrolls
 f - a scroll of remove curse {unknown}
 i - 2 scrolls of teleportation {unknown}
 n - 3 scrolls of identify {unknown}
 o - a scroll of random uselessness {unknown}
 q - a scroll of enchant armour {unknown}
 v - a scroll of fear {unknown}
 x - a scroll of blinking {unknown}
 y - a scroll of recharging {unknown}
Potions
 e - a potion of heal wounds {unknown}
 k - 3 potions of haste {unknown}
 l - 2 potions of flight {unknown}
 r - a potion of berserk rage {unknown}
 s - 2 potions of brilliance {unknown}
 t - a potion of curing {unknown}
 u - 2 potions of might {unknown}
Comestibles
 c - 3 bread rations
 m - 3 royal jellies
 p - a meat ration
 w - a fruit


   Skills:
 + Level 3.8 Fighting
 + Level 4.3 Axes
 + Level 3.0 Armour
 + Level 2.3 Dodging
 + Level 0.7 Stealth
 + Level 1.0 Shields


You had 4 spell levels left.
You didn't know any spells.

Dungeon Overview and Level Annotations

Branches:
Dungeon (4/15)
 Temple: D:4-7

Altars:
Fedhas
Ru
Xom
Zin
The Shining One


Innate Abilities, Weirdness & Mutations

When hurt, damage is shared between your health and your magic reserves.
You regenerate magic rapidly.
Your movements are slightly less encumbered by armour. (ER -2)


Message History

The orc wizard hits you but does no damage.
Something hits you but does no damage. The orc wizard casts a spell at you.
You feel as though you will be slow longer.
Something hits you but does no damage.
* * * LOW HITPOINT WARNING * * *
You feel sick.
You hear some strange, mumbled words.
You block the orc wizard's attack.
The orc wizard hits you but does no damage.
You are more poisoned.
* * * LOW HITPOINT WARNING * * *
You feel sick.
You hear some strange, mumbled words.
A magic dart appears from out of thin air!
The magic dart hits you!
* * * LOW HITPOINT WARNING * * *
The orc wizard hits you but does no damage.
You are more poisoned.
You die...

.....?.. #...#
........ ....##
# .......#
#....# . .......
#..#.#.#
.....###
#....#.#
#...###......##.
#...).o.h.......
#...###o....###.
#...####@##.#
#........##.#
#....###....#
#....#<..#......
#...)#####......
#..... .....
........ .....
......... ....
.......## #


You could see an orc wizard, an orc and a jackal.

Vanquished Creatures
  A bullfrog skeleton (D:4)
  A hound skeleton (D:4)
  Robin (D:3)
  2 adders (D:2)
  3 worms
  2 orcs (D:3)
  2 ball pythons
  2 giant cockroaches
  15 goblins
  5 hobgoblins
  3 jackals
  9 kobolds
  A quokka (D:3)
  4 bats
  7 frilled lizards
  3 rats
61 creatures vanquished.

Vanquished Creatures (others)
  Sigmund (D:4)
1 creature vanquished.

Grand Total: 62 creatures vanquished

Notes
Turn   | Place    | Note
-------+----------+-------------------------------------------
     0 | D:1      | Madydog the Demonspawn Berserker began the quest for the Orb.
     0 | D:1      | Reached XP level 1. HP: 18/18 MP: 1/1
    87 | D:1      | Gained mutation: Your movements are slightly less encumbered by armour. (ER -2) [demonic ancestry]
    87 | D:1      | Reached XP level 2. HP: 19/24 MP: 2/2
   174 | D:1      | Reached skill level 3 in Axes
   699 | D:2      | Gained mutation: When hurt, damage is shared between your health and your magic reserves. [demonic ancestry]
   699 | D:2      | Reached XP level 3. HP: 16/29 MP: 3/3
   845 | D:2      | Reached ** piety under Trog
   893 | D:2      | Found a faded altar of an unknown god.
  1614 | D:2      | Found a glowing golden altar of the Shining One.
  1650 | D:3      | Noticed Robin
  1693 | D:2      | Gained mutation: You regenerate magic rapidly. [demonic ancestry]
  1693 | D:2      | Reached XP level 4. HP: 34/35 MP: 4/4
  1726 | D:3      | Killed Robin
  1841 | D:3      | Found a blossoming altar of Fedhas.
  2428 | D:3      | Found a shimmering altar of Xom.
  2428 | D:3      | Found a faded altar of an unknown god.
  2441 | D:3      | Found a glowing silver altar of Zin.
  2443 | D:3      | Found a faded altar of an unknown god.
  2444 | D:3      | Found a sacrificial altar of Ru.
  2587 | D:4      | Noticed Sigmund
  2613 | D:4      | Killed Sigmund
  2613 | D:4      | Reached skill level 4 in Axes
  2613 | D:4      | Reached XP level 5. HP: 27/42 MP: 5/5
  2630 | D:4      | Reached skill level 1 in Shields
  2635 | D:4      | HP: 2/42 [something/magic dart (1)]
  2636 | D:4      | Succumbed to an orc wizard's poison

Vault maps used:
D:1:      minmay_arrival_semitransparent
D:2:      chequers_ecumenical_altar_island, tso_altar
D:3:      chequers_temple_overflow_minitemple, fedhas_altar_3, uniq_robin
D:4:      lightli_sewer_entry_pipes, first_bread, uniq_sigmund, uniq_menkaure

Skill      XL: |  1  2  3  4  5 |
---------------+----------------+-----
Axes           | 3 4 |  4.3
Dodging        | 2 |  2.3
Armour         | 2 3 |  3.0
Shields        | 1 |  1.0
Fighting       | |  3.8
Stealth        | |  0.7

Action                   |  1- 3 |  4- 6 || total
-------------------------+-------+-------++-------
Melee: Hand axe          |   127 |    86 ||   213
Invok: Burn Spellbooks   |     1 |       ||     1
       Berserk           |       |     1 ||     1
  Eat: Chunk             |     2 |     3 ||     5
Armor: Animal skin       |     4 |       ||     4
       Scale mail        |    65 |    14 ||    79
       Plate armour      |       |    54 ||    54
Dodge: Dodged            |    87 |    36 ||   123
Block: Shield            |       |    25 ||    25

Table legend:
 A = Spawn XP
 B = Non-spawn XP
 C = Spawn XP percentage of total XP
 D = Spawn monster count
 E = Non-spawn monster count
 F = Spawn count percentage of total count
 G = Total turns spent on level
                    A         B        C        D         E        F      G
               +---------+---------+-------+---------+---------+-------+---------
         Total |       0 |     363 |   0.0 |       0 |      62 |   0.0 |  2636
               +---------+---------+-------+---------+---------+-------+---------
           D:1 |       0 |      33 |   0.0 |       0 |      21 |   0.0 |   681
           D:2 |       0 |      64 |   0.0 |       0 |      21 |   0.0 |  1021
           D:3 |       0 |      46 |   0.0 |       0 |      15 |   0.0 |   871
           D:4 |       0 |     220 |   0.0 |       0 |       5 |   0.0 |    63
               +---------+---------+-------+---------+---------+-------+---------
